 Dungeon Crawl Stone Soup version 0.16-a0-4083-g5af668b (webtiles) character file.

159 wojtek the Cutter (level 5, 0/30 HPs)
             Began as a Kobold Assassin on Feb 22, 2015.
             Killed by divine providence
             ... invoked by an orc priest
              (13 damage)
             ... on level 3 of the Dungeon.
             The game lasted 00:04:16 (2505 turns).

wojtek the Cutter (Kobold Assassin)                 Turns: 2505, Time: 00:04:17

Health: 0/30       AC:  4    Str: 10    XL:     5   Next: 68%
Magic:  5/5        EV: 14    Int:  9    God:
Gold:   149        SH:  0    Dex: 18    Spells: 0 memorised, 4 levels left

rFire  . . .     SeeInvis .     a - +2 dagger
rCold  . . .     Clarity  .     c - +0 robe
rNeg   . . .     SustAb   .     (no shield)
rPois  .         Gourm    .     t - +0 helmet
rElec  .         Spirit   .     d - +0 cloak
rCorr  .         Warding  .     (no gloves)
rMut   .         Stasis   .     (no boots)
MR     .....                    x - amulet of regeneration
Stlth  +++.......               (no ring)
                                (no ring)

@: not resistant to hostile enchantments, fairly stealthy
A: carnivore 3
a: no special abilities


You were on level 3 of the Dungeon.
You were very full.

You visited 1 branch of the dungeon, and saw 3 of its levels.

You collected 149 gold pieces.

Inventory:

Hand weapons
 a - a +2 dagger (weapon)
 b - a +0 blowgun
 C - a +2 hunting sling of freezing
Missiles
 e - 21 poisoned needles
 f - 2 curare-tipped needles
 v - 4 needles of confusion
Armour
 c - a +0 robe (worn)
 d - a +0 cloak (worn)
 t - a +0 helmet (worn)
Jewellery
 x - an amulet of regeneration (around neck)
 B - an uncursed ring of teleportation
Scrolls
 i - a scroll of enchant armour {unknown}
 j - a scroll of remove curse
 k - a scroll of identify {unknown}
 l - a scroll of enchant weapon {unknown}
 o - a scroll of noise {unknown}
 p - a scroll of magic mapping {unknown}
 q - a scroll of fear {unknown}
 u - a scroll of immolation {unknown}
 w - a scroll of blinking {unknown}
 y - a scroll of amnesia {unknown}
 F - a scroll of teleportation {unknown}
Potions
 h - 4 potions of brilliance {unknown}
 n - a potion of lignification {unknown}
 s - 2 potions of curing {unknown}
 z - a potion of ambrosia {unknown}
 A - a potion of resistance {unknown}
 D - a potion of haste {unknown}
 E - a potion of flight {unknown}
Comestibles
 g - 2 meat rations
 m - 2 slices of pizza
 r - a beef jerky


   Skills:
 - Level 2.1 Fighting
 + Level 7.2 Short Blades
 - Level 2.6 Throwing
 - Level 1.2 Dodging
 - Level 5.3 Stealth


You had 4 spell levels left.
You didn't know any spells.

Dungeon Overview and Level Annotations

Branches:
Dungeon (3/15)

Altars:


Innate Abilities, Weirdness & Mutations

You are small and have problems with some larger weapons.
You are carnivorous and can eat meat at any time.


Message History

Found a stone staircase leading down.
A bat comes into view.
A hobgoblin comes into view. It is wielding a club.
The goblin shouts!
You see here a scroll labeled HIOGAS MYWN.
The bat barely misses you.
The orc priest becomes somewhat translucent.
The bat misses you.
The kobold throws a stone.
The stone misses you.
The orc priest invokes the aid of Beogh against you.
Pain shoots through your body! The bat hits you.
You see here a stone.
The bat misses you. The bat closely misses you. The bat barely misses you.
The bat hits you but does no damage. The bat misses you.
The bat hits you but does no damage. The bat barely misses you.
The orc priest invokes the aid of Beogh against you.
Something smites you!
You die...

. ..# #.#.....# . ##.# #.#######
#. . ..# #.# .#.####. ... ..#
#.#.....# #.# ### ###.#.....# #.#
###.........####.##### ######
........o.....b.....# #.....
#......(Kr####@....##### #.####
##.....g...####.........# #.#
.#............##.........###.#
........?.....##.........#...####
..⌠...........##.........###.#...
.....###......##.........###.....
>...⌠ +............#.....[....##
.... #......#####.#.........<..
..⌠. #......# #.#............


You could see an orc priest and a bat.

Vanquished Creatures
  An orc priest (D:2)
  An orc wizard (D:3)
  4 gnolls (D:2)
  A worm (D:2)
  2 orcs (D:2)
  7 bats
  3 giant cockroaches
  7 goblins
  9 hobgoblins
  8 kobolds
  2 quokkas (D:2)
  A giant gecko (D:1)
  2 giant newts (D:2)
  8 rats
56 creatures vanquished.

Notes
Turn   | Place    | Note
--------------------------------------------------------------
     0 | D:1      | wojtek, the Kobold Assassin, began the quest for the Orb.
     0 | D:1      | Reached XP level 1. HP: 12/12 MP: 1/1
   100 | D:1      | Reached XP level 2. HP: 5/17 MP: 2/2
   545 | D:1      | Reached XP level 3. HP: 21/21 MP: 3/3
   895 | D:2      | Reached skill level 5 in Short Blades
   912 | D:2      | Reached XP level 4. HP: 26/26 MP: 4/4
  1153 | D:2      | Reached skill level 6 in Short Blades
  1932 | D:2      | Reached XP level 5. HP: 26/30 MP: 5/5
  2331 | D:3      | Reached skill level 7 in Short Blades
  2505 | D:3      | Killed from afar by an orc priest

Action                   |  1- 3 |  4- 6 || total
-------------------------+-------+-------++-------
Melee: Dagger            |    77 |    66 ||   143
 Fire: Blowgun           |     4 |    15 ||    19
  Use: Scroll            |       |     1 ||     1
 Stab: Sleeping          |    10 |     5 ||    15
  Eat: Chunk             |     8 |     5 ||    13
